 Dungeon Crawl Stone Soup version 0.21.1-1-g345015fe64 (webtiles) character file.

109 JOKERXD40 the Chopper (level 4, -7/41 HPs)
             Began as a Minotaur Berserker on July 11, 2018.
             Was a Believer of Trog.
             Mangled by 3rdEnemy's ghost (10 damage)
             ... on level 3 of the Dungeon.
             The game lasted 00:04:15 (1332 turns).

JOKERXD40 the Chopper (Minotaur Berserker)          Turns: 1332, Time: 00:04:16

Health: -7/41      AC:  6    Str: 23    XL:     4   Next: 59%
Magic:  3/3        EV: 10    Int:  4    God:    Trog [**....]
Gold:   142        SH:  2    Dex:  9    Spells: 3/3 levels left

rFire    . . .     SeeInvis +   a - +0 hand axe
rCold    . . .     Gourm    .   k - +0 buckler
rNeg     . . .     Faith    .   l - +0 scale mail (curse)
rPois    .         Spirit   .   (helmet restricted)
rElec    .         Reflect  .   (no cloak)
rCorr    .         Harm     .   (no gloves)
MR       .....                  (no boots)
Stlth    ..........             (no amulet)
HPRegen  0.13/turn              f - ring of see invisible
MPRegen  0.08/turn              (no ring)

@: berserk cooldown
A: retaliatory headbutt, horns 2
a: Berserk, Trog's Hand, Burn Spellbooks, Renounce Religion


You were on level 3 of the Dungeon.
You worshipped Trog.
Trog was pleased with you.
You were not hungry.

You visited 1 branch of the dungeon, and saw 3 of its levels.

You collected 142 gold pieces.

Inventory:

Hand Weapons
 a - a +0 hand axe (weapon)
Missiles
 i - 2 tomahawks (quivered)
Armour
 b - a +0 animal skin
 k - a +0 buckler (worn)
 l - a cursed +0 scale mail (worn)
Jewellery
 f - a ring of see invisible (left hand)
Scrolls
 e - a scroll of identify {unknown}
 g - a scroll of remove curse {unknown}
 j - a scroll of teleportation {unknown}
 m - a scroll of random uselessness {unknown}
 n - a scroll of magic mapping {unknown}
Potions
 d - a potion of curing {unknown}
 h - a potion of might {unknown}
 o - a potion of lignification {unknown}
Comestibles
 c - 5 rations


   Skills:
 + Level 4.5 Fighting
 + Level 5.3 Axes
 + Level 2.7 Armour
 + Level 2.7 Dodging
 + Level 0.6 Stealth


You had 3 spell levels left.
You didn't know any spells.

Dungeon Overview and Level Annotations

Branches:
Dungeon (3/15)

Altars:

Annotations:
D:3 3rdEnemy's ghost, amateur MiFi


Innate Abilities, Weirdness & Mutations

You reflexively headbutt those who attack you in melee.
You have a pair of horns on your head.


Message History

3rdEnemy's ghost turns its malevolent gaze towards you.
You hear a shout!
You see here a pink potion.
o - a pink potion An orc comes into view.
It is wielding a mace. 3rdEnemy's ghost hits you!
You feel yourself speed up. 3rdEnemy's ghost hits you!
A goblin comes into view.
The goblin shouts!
There is an escape hatch in the ceiling here.
You barely miss 3rdEnemy's ghost.
You headbutt 3rdEnemy's ghost, but do no damage. 3rdEnemy's ghost hits you!
You hit 3rdEnemy's ghost. 3rdEnemy's ghost is lightly damaged. 3rdEnemy's ghost hits you!
* * * LOW HITPOINT WARNING * * *
3rdEnemy's ghost hits you!
You die...

.###o.....### #...#...
.<#.........# #......#
.....#..###.####....#.#
..(...................#
#..).........#.......
##.....###...#....#
..$..#........o...#.#
.... #...####...W...#
... #....#####g@...#
....#.#..#.........#
.....(.....#.[.###.#
..)#.......)<......#
...........†.......#
...##..............#
.###................
......####.###....
........ #..# #...


You could see 3rdEnemy's ghost, an orc and a goblin.

Vanquished Creatures
  An orc priest (D:2)
  3 adders
  An ooze (D:2)
  A worm (D:2)
  A dart slug (D:1)
  5 orcs
  2 giant cockroaches (D:2)
  7 goblins
  2 hobgoblins
  4 jackals (D:1)
  A quokka (D:2)
  3 bats
  2 frilled lizards
  2 kobolds (D:2)
  A quokka skeleton (D:3)
  3 rats
39 creatures vanquished.

Notes
Turn   | Place    | Note
-------+----------+-------------------------------------------
     0 | D:1      | JOKERXD40 the Minotaur Berserker began the quest for the Orb.
     0 | D:1      | Reached XP level 1. HP: 19/19 MP: 0/0
   152 | D:1      | Reached skill level 4 in Axes
   152 | D:1      | Reached XP level 2. HP: 20/27 MP: 1/1
   591 | D:2      | Reached XP level 3. HP: 29/33 MP: 2/2
  1091 | D:2      | Reached skill level 5 in Axes
  1091 | D:2      | Reached XP level 4. HP: 32/41 MP: 3/3
  1095 | D:2      | Reached ** piety under Trog
  1320 | D:3      | Noticed 3rdEnemy's ghost (amateur MiFi)
  1332 | D:3      | Mangled by 3rdEnemy's ghost

Skill      XL: |  1  2  3 |
---------------+----------+-----
Axes           | 4 5 |  5.3
Fighting       | 4 |  4.5
Armour         | |  2.7
Dodging        | |  2.7
Stealth        | |  0.6

Action                   |  1- 3 |  4- 6 || total
-------------------------+-------+-------++-------
Melee: Hand axe          |    58 |    13 ||    71
       Headbutt          |     6 |     5 ||    11
Invok: Berserk           |       |     2 ||     2
  Eat: Ration            |       |     1 ||     1
       Chunk             |       |     1 ||     1
Armor: Animal skin       |     7 |       ||     7
       Scale mail        |       |    10 ||    10
Dodge: Dodged            |    40 |    14 ||    54
Block: Buckler           |     2 |     4 ||     6
